 Dungeon Crawl Stone Soup version 0.29-a0-892-g2c4c91d9db (webtiles) character file.

Game seed: 13610954974422063552

2 zeratav the Stinger (level 1, -1/11 HPs)
             Began as an Octopode Venom Mage on July 22, 2022.
             Slain by a hobgoblin (3 damage)
             ... on level 1 of the Dungeon.
             The game lasted 00:00:13 (152 turns).

zeratav the Stinger (Octopode Venom Mage)            Turns: 152, Time: 00:00:14

Health: -1/11      AC:  1    Str:  7    XL:     1   Next: 40%
Magic:  2/3        EV: 13    Int: 17    God:
Gold:   16         SH:  0    Dex: 12    Spells: 3/4 levels left

rFire   . . .      SeeInvis .   c - +0 club {mace}
rCold   . . .      Faith    .   (no shield)
rNeg    . . .      Spirit   .   (helmet restricted)
rPois   .          Reflect  .   (no amulet)
rElec   .          Harm     .   b - ring of resist corrosion
rCorr   +          Rampage  .   (no ring)
Will    .....                   (no ring)
Stlth   +++.......              (no ring)
HPRegen 0.03/turn               (no ring)
MPRegen 0.08/turn               (no ring)
                                (no ring)
                                (no ring)

@: no status effects
A: almost no armour, amphibious, 8 rings, camouflage 1, gelatinous body 1,
(nimble swimmer 1), tentacles
a: no special abilities


You were on level 1 of the Dungeon.
You visited 1 branch of the dungeon, and saw 1 of its levels.

You collected 16 gold pieces.


Innate Abilities, Weirdness & Mutations

You cannot wear most types of armour.
You are amphibious.
You can wear up to eight rings at the same time.
Your skin changes colour to match your surroundings (Stealth+).
Your rubbery body absorbs attacks. (AC +1, EV +1)
((You are camouflaged when in or above water. (Stealth+)))
You have tentacles for arms and can constrict up to eight enemies at once.


   Skills:
 - Level 2.0 Dodging
 + Level 2.9 Stealth
 - Level 2.0 Spellcasting
 - Level 1.0 Transmutations
 + Level 3.7 Poison Magic


You had 3 spell levels left.
You knew the following spells:

 Your Spells              Type           Power      Damage    Failure   Level
a - Sting                 Tmut/Pois      36%        1d4       8%          1

Your spell library contained the following spells:

 Spells                   Type           Power      Damage    Failure   Level
 Poisonous Vapours        Pois/Air       16%        N/A       14%         2
 Mephitic Cloud           Conj/Pois/Air  5%         N/A       34%         3
 Olgreb's Toxic Radiance  Pois           14%        N/A       38%         4

Inventory:

Hand Weapons
 c - a +0 club (weapon) {mace}
   (You took it off a goblin on level 1 of the Dungeon)
Jewellery
 b - a ring of resist corrosion (left tentacle)
   (You found it on level 1 of the Dungeon)
Potions
 a - a potion of magic

Dungeon Overview and Level Annotations

Branches:
Dungeon (1/15) Zot: 5846

Altars:

### ### #############
#######.#####
#.######.#####
##.#####.##### #
####.####.####.
#.###.########.###.###.#
#.....g@.######.##.##.##
#.?...##.#######.#.#.###
##### #.########.#.####
#.#.......#<#....
#.########.#.####
#.#######.#.#.###
###########.######.##.##.##
..........#.#####.###.###.#
.........†'.####.####.####.


You could see a hobgoblin (poisoned).


Message History

🤖 Initializing magus.rc ...
Bad channel name for runrest: 'pray:' ✅ Successfully initialized magus.rc [v1.9.6] Welcome, zeratav the Octopode Venom Mage.
It is said that the Orb of Zot exists deep within this dungeon.
Press ? for a list of commands and other information.
Found a staircase leading out of the dungeon.
You now have 16 gold pieces.
b - a ring of resist corrosion
b - a ring of resist corrosion (left tentacle)
A bat comes into view.
A bat is nearby!
A goblin comes into view. It is wielding a +0 club.
The goblin shouts!
The bat closely misses you. The goblin barely misses you.
You closely miss the goblin. You grab the goblin. You constrict the goblin.
The bat hits you but does no damage. The goblin barely misses you.
You barely miss the goblin. You constrict the goblin. The bat hits you.
The bat barely misses you. The goblin barely misses you.
HP[-1]
You take 1 damage, and now have 10/11 hp.
You tentacle-slap the goblin.
You kill the goblin!
The bat barely misses you. The bat closely misses you. The bat misses you.
You closely miss the bat. You grab the bat.
You constrict the bat, but do no damage.
The bat hits you but does no damage. The bat hits you.
The bat barely misses you.
HP[-1]
You take 1 damage, and now have 9/11 hp.
You tentacle-slap the bat but do no damage.
You constrict the bat. The bat misses you.
The bat escapes!
You miss the bat. Your grab misses the bat. The bat closely misses you.
A bat is nearby!
A bat is nearby!
The sting hits the bat.
The bat is poisoned.
The bat hits you.
HP[-1] MP[-1]
You take 1 damage, and now have 8/11 hp.
You lost 1 mp, and now have 2/3 mp.
The sting hits the bat.
The bat looks even sicker.
You kill the bat!
MP[-1]
You lost 1 mp, and now have 1/3 mp.
You can't see any susceptible monsters within range! (Use Z to cast anyway.)
c - a +0 club {mace} You see here a goblin corpse.
HP[+3] MP[+2]
Your hp is fully restored (11).
Your mp is fully restored (3).
c - a +0 club (weapon)
{mace} You open the door.
There is an open door here.
A hobgoblin comes into view.
A hobgoblin is nearby!
The hobgoblin shouts!
You hit the hobgoblin but do no damage. Your grab misses the hobgoblin.
Your squeeze misses the hobgoblin. The hobgoblin barely misses you.
You barely miss the hobgoblin. Your grab misses the hobgoblin.
The hobgoblin barely misses you.
You barely miss the hobgoblin. Your grab misses the hobgoblin.
Your squeeze misses the hobgoblin. The hobgoblin closely misses you.
You hit the hobgoblin but do no damage. You grab the hobgoblin.
You squeeze the hobgoblin, but do no damage.
You constrict the hobgoblin. The hobgoblin hits you. x2
* * * LOW HITPOINT WARNING * * *
HP[-9]
You take 9 damage, and now have 2/11 hp.
MASSIVE DAMAGE!! (PAUSE)
You are too injured to fight recklessly!
You are too injured to fight recklessly!
You are too injured to fight recklessly!
You are too injured to fight recklessly!
You are too injured to fight recklessly!
Casting: Sting (safe; 8% risk of failure)
Confirm with . or Enter, or press ? or * to list all spells.
Aiming: Sting (safe; 8% risk of failure)
Press: ? - help, Shift-Dir - straight line, f - hobgoblin
Aim: a hobgoblin (lightly wounded, constricted by you, 100% to hit)
The sting hits the hobgoblin but does no damage.
The hobgoblin is poisoned.
You constrict the hobgoblin. The hobgoblin hits you.
You die...

Action                   || total
-------------------------++-------
Melee: Unarmed           ||     6
       Club              ||     4
       Constrict         ||     3
       Tentacles         ||     1
 Cast: Sting             ||     3
Armor: Skin              ||     2
Dodge: Dodged            ||    14

Levels and vault maps discovered:
D:1:      spicycebolla_arrival_xxxplode, layout_basic,
          chequers_ecumenical_altar_simple_redux

Notes
Turn   | Place    | Note
-------+----------+-------------------------------------------
     0 | D:1      | zeratav the Octopode Venom Mage began the quest for the
                  | Orb.
     0 | D:1      | Reached XP level 1. HP: 11/11 MP: 3/3
     0 | D:1      | magus.rc [v1.9.6]
   151 | D:1      | HP: 2/11 [hobgoblin (5)]
   152 | D:1      | Slain by a hobgoblin

Vanquished Creatures
  A bat (D:1)
  A goblin (D:1)
2 creatures vanquished.

Table legend:
 A = Non-vault XP
 B = Vault XP
 C = Vault XP percentage of total XP
 D = Non-vault monster count
 E = Vault monster count
 F = Vault count percentage of total count
                 A         B        C        D         E       F
            +---------+---------+-------+---------+---------+-------
      Total |       4 |       0 |   0.0 |       2 |       0 |   0.0
            +---------+---------+-------+---------+---------+-------
        D:1 |       4 |       0 |   0.0 |       2 |       0 |   0.0
            +---------+---------+-------+---------+---------+-------

Illustrated notes

Table legend:
 A = Kills in this place as a percentage of kills in entire the game.
 B = Kills by you in this place as a percentage of kills by you in the entire game.
 C = Kills by friends in this place as a percentage of kills by friends in the entire game.
 D = Other kills in this place as a percentage of other kills in the entire game.
 E = Experience gained in this place as a percentage of experience gained in the entire game.
 F = Experience gained in this place divided by the number of levels of this place that you have seen.
                   A       B       C       D       E      F
               +-------+-------+-------+-------+-------+----------------------
         Total | 100.0 | 100.0 |   N/A |   N/A | 100.0 |   4.0
       Dungeon | 100.0 | 100.0 |   N/A |   N/A | 100.0 |   4.0
               +-------+-------+-------+-------+-------+----------------------

Table legend: (Time is in decaauts)
 A = Elapsed time spent in this place.
 B = Non-inter-level travel time spent in this place.
 C = Inter-level travel time spent in this place.
 D = Time resting spent in this place.
 E = Time spent auto-exploring this place.
 F = Levels seen in this place.
 G = Mean time per level.
                   A        B        C        D        E       F      G
               +--------+--------+--------+--------+--------+-----+--------+
         Total |    152 |    152 |      0 |      0 |    129 |   1 |  152.0 |
       Dungeon |    152 |    152 |      0 |      0 |    129 |   1 |  152.0 |
               +--------+--------+--------+--------+--------+-----+--------+

Top non-repeatable levels by time:
     D:1: 152 daAuts
